cezer, neutral male human Barbarian ------------- |...........| ----- |...........-# |<..| |...........|# |....######............|# |...| |...........|# ----- -------------# # ##############` # ---------.- ## |......@..| |....(a...| |.........| ----------- cezer the Bandit Experience level: 6 Strength: 18/02 Dexterity: 17 Constitution: 17 Intelligence: 7 Wisdom: 9 Charisma: 7 Health: 0(50) Energy: 17(17) Def: 0 Gold: 371 Moves: 4142 Dungeon seed: mHTNneWIEMhSEFXn Game ID: cezer_1506692129 Your Inventory: Coins $ - 371 gold pieces Weapons a - a +0 two-handed sword (weapon in hands) R - a +1 dwarvish mattock Armor n - an uncursed +0 pair of iron shoes q - an uncursed +0 dwarvish cloak r - a blessed +2 dwarvish iron helm y - an uncursed +0 pair of levitation boots N - an uncursed +0 elven mithril-coat Comestibles w - an uncursed tripe ration M - an uncursed lembas wafer P - an uncursed tin of wererat meat X - an uncursed lichen corpse Scrolls D - 2 uncursed scrolls of identify E - a cursed scroll of identify S - 2 uncursed scrolls of blank paper T - a cursed scroll of blank paper W - 2 uncursed scrolls of identify Potions C - a blessed potion of healing F - an uncursed potion of oil L - a blessed potion of enlightenment Wands s - a wand of striking (0:4) Tools d - an uncursed oil lamp (0:714) f - an uncursed mirror t - an uncursed partly used tallow candle (0:42) I - an uncursed lock pick J - a magic marker (0:54) Spells and supernatural/magical abilities: Name Level Category Fail Memory W - pray for help -- divine ? -- Your skills at the end: Fighting Skills bare handed combat [Basic] Weapon Skills axe [Basic] two-handed sword [Basic] Spellcasting Skills Final Attributes: You were piously aligned. You were poison resistant. You are dead. Vanquished creatures: a large mimic 4 small mimics a leprechaun a gnome king an imp 2 rock piercers a pony 2 gnome lords 2 gray oozes a straw golem a paper golem a little dog 2 kittens 3 dwarves a rabid rat a wererat a coyote 2 gas spores 2 hobbits 8 manes a large kobold a hobgoblin 2 giant rats 2 cave spiders a brown mold a yellow mold 7 gnomes 2 jackals a goblin 5 sewer rats a grid bug 2 lichens a kobold zombie a newt 66 creatures vanquished. Voluntary challenges: You were vegetarian. You had followed a strict vegan diet until turn 4132. You used a wielded weapon 82 times, starting on turn 96. You read items or engraved 11 times, starting on turn 1617. You never genocided any monsters. You never polymorphed an object. You changed form 1 time, starting on turn 1593. You used no wishes. You never split a pudding. You never wrote Elbereth's name. You violated your moral code, losing 24 points of alignment, starting on turn 2052. Dungeon overview: The Dungeons of Doom: levels 1 to 7 Level 1 a fountain, some sinks a long staircase Level 2 a general store Level 3 a scroll shop stairs to The Gnomish Mines Level 4 a scroll shop, an altar to Crom, a fountain Level 5 a weapon shop, a fountain Level 6 a general store Level 7 <- You were here The Gnomish Mines: Level 4 stairs to The Dungeons of Doom History has recorded: On T:1 you entered the Dungeons of Doom to retrieve the Amulet of Yendor! On T:220 you reached level 2 of The Dungeons of Doom. On T:363 you reached level 3 of The Dungeons of Doom. On T:620 you reached level 4 of The Dungeons of Doom. On T:745 you reached level 1 of The Gnomish Mines. On T:980 you advanced to experience level 2. On T:1179 you advanced to experience level 3. On T:1207 you advanced to experience level 4. On T:1843 you advanced to experience level 5. On T:2218 you reached level 5 of The Dungeons of Doom. On T:3187 you advanced to experience level 6. On T:3303 you reached level 6 of The Dungeons of Doom. On T:3731 you reached level 7 of The Dungeons of Doom. Score breakdown: Gold: 371 ( 8744 points) Experience: 6 levels (12456 points) Exploration: 7 levels ( 14.89%) (10834 points) Discoveries: 8 items ( 3.27%) ( 5421 points) Valuables value: (no points given unless you survive) Artifact value: 0 ( 0 points) Variety of kills: 34 monsters ( 8.92%) ( 8961 points) Turncount: 4142 turns (-1076 points) Survival: died (score multiplied by 80%) Total score: 36272 Latest messages: You take off your dwarvish cloak. You start removing your dwarvish iron helm. You take off your dwarvish iron helm. You start removing your elven mithril-coat. You take off your elven mithril-coat. As you read the scroll, it disappears. The soldier ant bites! The soldier ant stings! You miss the soldier ant. The soldier ant bites! The soldier ant stings! The soldier ant bites! The soldier ant stings! As you read the scroll, it disappears. You shudder for a moment. The soldier ant bites! The soldier ant stings! You die... Final status: Goodbye cezer the Barbarian, killed by a soldier ant... You died in The Dungeons of Doom on dungeon level 7 with 36272 points, and 371 pieces of gold, after 4142 moves. You were level 6 with a maximum of 50 hit points when you died.